Condors vs Harfangs
(R1)
Created - October 22, 2020 at 19:19
Goals
|
Condors |
1 |
0 |
1 |
2 |
Harfangs |
1 |
4 |
1 |
6 |
|
Shots
|
Condors |
12 |
7 |
6 |
25 |
Harfangs |
11 |
18 |
5 |
34 |
|
1st period
1. Condors , Anton Slepyshev 5 (Tyler Bozak 2) at 18:49 (PP)
2. Harfangs , Morgan Klimchuk 1 (Ivan Provorov 1, Lucas Wallmarkk 1) at 19:55
Penalties :
Ivan Provorov (BEA) for Holding Stick (Minor) at 6:25, Erik Nystrom (BEA) for Tripping (Minor) at 10:00, Zac Leslie (Bak) for Holding (Minor) at 15:22, Ivan Provorov (BEA) for Interference (Minor) at 18:40
2nd period
3. Harfangs , Ryan Hartman 2 (Michael Bournival 3) at 2:41
4. Harfangs , Tomas Kubalik 1 (Tyler Brenner 1, Erik Nystrom 1) at 3:33
5. Harfangs , Lucas Wallmarkk 1 (Ryan Hartman 1, Morgan Klimchuk 2) at 12:10
6. Harfangs , Morgan Klimchuk 2 (Ryan Hartman 2, Rinat Valiev 1) at 15:33
Penalties :
Andrew Mangiapane (Bak) for Hooking (Minor) at 3:46, A.J. Greer (BEA) for Tripping (Minor) at 6:08, Eric Gustafsson (Bak) for Tripping (Minor) at 12:15, Devon Teows (BEA) for Tripping (Minor) at 17:01
3rd period
7. Harfangs , Sven Andrighetto 1 (David Kampf 1) at 1:16
8. Condors , Eric Gustafsson 1 (Tyler Bozak 3, Andrew Mangiapane 2) at 3:51
Penalties :
Tomas Kubalik (BEA) for Fighting (Major) at 3:34, Nail Yakupov (Bak) for Fighting (Major) at 3:34, Erik Cernak (Bak) for Holding (Minor) at 10:17, Daniel Zaar (Bak) for High sticking (Minor) at 13:29, Reid McNeill (BEA) for Fighting (Major) at 18:59, Brett Lernout (Bak) for Fighting (Major) at 18:59
Goalie Stats
Mark Visentin (Bak), 28 saves from 34 shots - (0.824), L, 0-1-0, 60:00 minutes
Ilya Sorokin (BEA), 23 saves from 25 shots - (0.920), W, 1-0-1, 60:00 minutes
Players Stats for Condors
Player Name G A P +/- PIM S H SB GA TA FO MP PP MP PK MP
------------------------------------------------------------------------------------
Alex Tuch 0 0 0 -1 0 2 1 0 0 1 0/0 16:32 4:21 1:50
Andrew Mangiapane 0 1 1 -1 2 1 0 2 1 0 1/2 19:20 3:37 1:25
Anton Slepyshev 1 0 1 -1 0 4 0 0 2 0 0/0 14:23 4:21 0:00
Brett Lernout 0 0 0 -4 5 1 1 1 0 0 0/0 14:12 0:52 0:48
C.J Suess 0 0 0 -1 0 1 0 0 1 0 0/0 7:55 0:00 0:00
Carl Gunnarsson 0 0 0 0 0 1 2 1 0 1 0/0 28:41 3:54 6:01
Christian Thomas 0 0 0 -2 0 0 0 0 0 0 0/0 10:00 0:00 0:25
Daniel Zaar 0 0 0 -2 2 1 3 0 0 1 0/0 10:01 0:07 0:00
Eric Gustafsson 1 0 1 -1 2 3 3 0 3 2 0/0 27:27 3:54 4:47
Erik Cernak 0 0 0 -1 2 0 2 0 0 0 0/0 15:05 0:46 2:53
Frederik Gauthier 0 0 0 -1 0 2 1 1 0 0 6/10 16:51 3:37 3:06
Louis Leblanc 0 0 0 0 0 1 2 0 0 0 2/3 9:39 0:07 0:00
Marc-André Bourdon 0 0 0 -1 0 0 1 1 0 0 0/0 11:38 2:44 1:38
Mark Jankowski 0 0 0 -2 0 2 1 0 3 0 2/2 13:15 0:00 3:20
Mikko Lehtonen 0 0 0 -1 0 0 1 1 0 0 0/0 8:25 0:07 0:00
Nail Yakupov 0 0 0 -2 5 3 3 0 0 0 1/1 20:56 3:37 4:59
Tyler Bozak 0 2 2 -1 0 3 0 0 1 0 20/38 23:24 4:21 4:59
Zac Leslie 0 0 0 -3 2 0 4 1 0 3 0/0 22:14 4:00 3:29
Players Stats for Harfangs
Player Name G A P +/- PIM S H SB GA TA FO MP PP MP PK MP
------------------------------------------------------------------------------------
A.J. Greer 0 0 0 1 2 1 0 0 0 0 0/1 7:31 0:00 0:46
Calle Jarnkrok 0 0 0 -1 0 1 1 0 0 1 13/28 21:36 4:47 2:32
David Kampf 0 1 1 1 0 0 0 0 0 0 1/4 6:20 0:00 0:07
Devon Teows 0 0 0 4 2 1 0 0 0 0 0/0 12:44 0:00 0:37
Dylan Olsen 0 0 0 0 0 0 2 2 1 2 0/0 27:29 6:08 4:49
Erik Nystrom 0 1 1 1 2 1 3 0 0 0 1/2 15:46 4:31 0:00
Ivan Provorov 0 1 1 1 4 3 1 0 0 2 0/0 19:38 3:47 2:25
Jake Dotchin 0 0 0 1 0 2 1 0 0 2 0/0 19:47 3:47 3:26
Lucas Wallmarkk 1 1 2 4 0 1 3 0 0 0 2/3 9:16 0:00 0:00
Michael Bournival 0 1 1 -1 0 2 1 1 2 1 1/4 23:14 4:47 4:12
Morgan Klimchuk 2 1 3 4 0 3 1 0 0 0 0/0 9:55 0:00 0:26
Nick Sorensen 0 0 0 0 0 0 0 0 0 0 0/0 2:25 0:37 0:00
Reid McNeill 0 0 0 0 5 0 1 0 0 1 0/0 26:46 6:08 4:50
Rinat Valiev 0 1 1 4 0 3 0 1 0 0 0/0 13:40 0:00 0:03
Ryan Hartman 1 2 3 4 0 1 1 0 0 0 0/0 10:10 0:34 0:00
Sven Andrighetto 1 0 1 1 0 3 0 0 0 0 0/0 9:09 0:34 1:26
Tomas Kubalik 1 0 1 1 5 6 1 0 1 1 1/1 17:22 4:34 2:32
Tyler Brenner 0 1 1 1 0 1 0 0 2 0 3/7 15:52 4:34 0:00
Tyler Randell 0 0 0 -1 0 5 1 0 2 1 2/6 23:08 4:47 4:09
3 Stars
1 - Morgan Klimchuk (BEA)
2 - Ryan Hartman (BEA)
3 - Lucas Wallmarkk (BEA)
Power Play
Condors - 1 on 5 Attempt(s) - 20.00%
Harfangs - 0 on 5 Attempt(s) - 0.00%
Penalty Kill
Condors - 5 on 5 Attempt(s) - 100.00%
- Score 0 goal in Penalty Kill
Harfangs - 4 on 5 Attempt(s) - 80.00%
- Score 0 goal in Penalty Kill
Team Stat
Condors - Hits : 25 - Faceoff Wins : 32 - Blocked Shots : 8 - Penalty Minutes : 20
Harfangs - Hits : 17 - Faceoff Wins : 24 - Blocked Shots : 4 - Penalty Minutes : 20
Official
Referees : Unknown
Linesman : Unknown
Game Notes
Marc-André Bourdon is injured at 11:17 of 2nd period (Fractured Orbital Bone)
Tomas Kubalik and Nail Yakupov fight to a draw at 3:34 of 3rd period
Reid McNeill and Brett Lernout fight to a draw at 18:59 of 3rd period
Finance
Level 1 -- Attendance: 1804 (90.20%) -- Ticket Income $61,336
Level 2 -- Attendance: 673 (67.30%) -- Ticket Income $12,787
Total Attendance: 2477 (82.57%)
Total Ticket Income: $74,123
Other Income: $3,706
Total Income: $77,829
Condors
5 vs 5 Forward
Center Left Wing Right Wing Time % Phy DF OF
1 Tyler Bozak Andrew Mangiapane Nail Yakupov 40 1 2 2
2 Frederik Gauthier Anton Slepyshev Alex Tuch 30 1 2 2
3 Mark Jankowski Christian Thomas Daniel Zaar 20 1 2 2
4 Louis Leblanc C.J Suess Mikko Lehtonen 10 1 2 2
5 vs 5 Defense
Defense Defense Time % Phy DF OF
1 Carl Gunnarsson Eric Gustafsson 40 1 2 2
2 Zac Leslie Marc-André Bourdon 30 1 2 2
3 Brett Lernout Erik Cernak 20 1 2 2
4 Carl Gunnarsson Eric Gustafsson 10 1 2 2
PowerPlay Forward
Center Left Wing Right Wing Time % Phy DF OF
1 Tyler Bozak Anton Slepyshev Alex Tuch 60 1 2 2
2 Frederik Gauthier Andrew Mangiapane Nail Yakupov 40 1 2 2
PowerPlay Defense
Defense Defense Time % Phy DF OF
1 Carl Gunnarsson Eric Gustafsson 60 1 2 2
2 Zac Leslie Marc-André Bourdon 40 1 2 2
Penalty Kill 4 Players Forward
Center Wing Time % Phy DF OF
1 Tyler Bozak Nail Yakupov 60 1 2 2
2 Frederik Gauthier Mark Jankowski 40 1 2 2
Penalty Kill 4 Players Defense
Defense Defense Time % Phy DF OF
1 Carl Gunnarsson Eric Gustafsson 60 1 2 2
2 Zac Leslie Marc-André Bourdon 40 1 2 2
Penalty Kill - 3 Players Forward
Forward Time % Phy DF OF
1 Tyler Bozak 60 1 2 2
2 Nail Yakupov 40 1 2 2
Penalty Kill - 3 Players Defense
Defense Defense Time % Phy DF OF
1 Carl Gunnarsson Eric Gustafsson 60 1 2 2
2 Zac Leslie Marc-André Bourdon 40 1 2 2
4 vs 4 Forward
Center Wing Time % Phy DF OF
1 Tyler Bozak Nail Yakupov 60 1 2 2
2 Frederik Gauthier Mark Jankowski 40 1 2 2
4 vs 4 Defense
Defense Defense Time % Phy DF OF
1 Carl Gunnarsson Eric Gustafsson 60 1 2 2
2 Zac Leslie Marc-André Bourdon 40 1 2 2
Last Minutes Offensive
Center Left Wing Right Wing Defense Defense
Tyler Bozak Anton Slepyshev Nail Yakupov Carl Gunnarsson Eric Gustafsson
Last Minutes Defensive
Center Left Wing Right Wing Defense Defense
Tyler Bozak Anton Slepyshev Nail Yakupov Carl Gunnarsson Eric Gustafsson
Goaltenders
Starting : Mark Visentin
Backup : Mackenzie Blackwood
Extra Forwards
Normal : Louis Leblanc, Daniel Zaar, Alex Tuch - PP : Louis Leblanc, Daniel Zaar - PK : Alex Tuch
Extra Defensemen
Normal : Brett Lernout, Erik Cernak, Zac Leslie - PP : Brett Lernout - PK : Erik Cernak, Zac Leslie
Penalty Shots
Tyler Bozak, Nail Yakupov, Frederik Gauthier, Mark Jankowski, Anton Slepyshev
Scratches
Emil Djuse (Healthy), Jacob Larsson (Healthy), Nick Merkley (Healthy), Cole Cassels (Healthy), Jordan Subban (Healthy)
Jeremy Gregoire (Healthy), Connor Hurley (Healthy), Remi Elie (Healthy), Gustav Olofsson (Healthy), Adam Erne (Healthy)
Brett Ritchie (Healthy), Chris Bigras (Healthy), Anders Bjork (Healthy), Hunter Smith (Healthy), Mike Smith (Healthy)
Jack Campbell (Healthy)
Harfangs
5 vs 5 Forward
Center Left Wing Right Wing Time % Phy DF OF
1 Calle Jarnkrok Michael Bournival Tyler Randell 40 1 2 2
2 Tyler Brenner Erik Nystrom Tomas Kubalik 30 1 2 2
3 Lucas Wallmarkk Morgan Klimchuk Ryan Hartman 20 1 2 2
4 David Kampf A.J. Greer Sven Andrighetto 10 1 2 2
5 vs 5 Defense
Defense Defense Time % Phy DF OF
1 Dylan Olsen Reid McNeill 40 1 2 2
2 Jake Dotchin Ivan Provorov 30 1 2 2
3 Rinat Valiev Devon Teows 20 1 2 2
4 Dylan Olsen Reid McNeill 10 1 2 2
PowerPlay Forward
Center Left Wing Right Wing Time % Phy DF OF
1 Calle Jarnkrok Michael Bournival Tyler Randell 60 1 2 2
2 Tyler Brenner Erik Nystrom Tomas Kubalik 40 1 2 2
PowerPlay Defense
Defense Defense Time % Phy DF OF
1 Dylan Olsen Reid McNeill 60 1 2 2
2 Jake Dotchin Ivan Provorov 40 1 2 2
Penalty Kill 4 Players Forward
Center Wing Time % Phy DF OF
1 Tyler Randell Michael Bournival 60 1 2 2
2 Calle Jarnkrok Tomas Kubalik 40 1 2 2
Penalty Kill 4 Players Defense
Defense Defense Time % Phy DF OF
1 Dylan Olsen Reid McNeill 60 1 2 2
2 Jake Dotchin Ivan Provorov 40 1 2 2
Penalty Kill - 3 Players Forward
Forward Time % Phy DF OF
1 Tyler Randell 60 1 2 2
2 Michael Bournival 40 1 2 2
Penalty Kill - 3 Players Defense
Defense Defense Time % Phy DF OF
1 Dylan Olsen Reid McNeill 60 1 2 2
2 Jake Dotchin Ivan Provorov 40 1 2 2
4 vs 4 Forward
Center Wing Time % Phy DF OF
1 Tyler Randell Michael Bournival 60 1 2 2
2 Calle Jarnkrok Tomas Kubalik 40 1 2 2
4 vs 4 Defense
Defense Defense Time % Phy DF OF
1 Dylan Olsen Reid McNeill 60 1 2 2
2 Jake Dotchin Ivan Provorov 40 1 2 2
Last Minutes Offensive
Center Left Wing Right Wing Defense Defense
Calle Jarnkrok Michael Bournival Tyler Randell Dylan Olsen Reid McNeill
Last Minutes Defensive
Center Left Wing Right Wing Defense Defense
Calle Jarnkrok Michael Bournival Tyler Randell Dylan Olsen Reid McNeill
Goaltenders
Starting : Ilya Sorokin
Backup : Zachary Fucale
Extra Forwards
Normal : Nick Sorensen, Ryan Hartman, Sven Andrighetto - PP : Nick Sorensen, Ryan Hartman - PK : Sven Andrighetto
Extra Defensemen
Normal : Rinat Valiev, Devon Teows, Jake Dotchin - PP : Rinat Valiev - PK : Devon Teows, Jake Dotchin
Penalty Shots
Tyler Randell, Michael Bournival, Calle Jarnkrok, Tomas Kubalik, Tyler Brenner
Scratches
Cristoval Nieves (Healthy), Nick Shore (Healthy), JC Lipon (Healthy), Brenden Kichton (Healthy), Cooper Marody (Healthy)
Blake Heinrich (Healthy), Laurent Dauphin (Healthy), Mark Alt (Healthy), Brendan Leipsic (Healthy), Brandon McMillan (Healthy)
Justin Kirkland (Healthy), Victor Bartley (Healthy), Anthony Angello (Healthy), Anton Forsberg (Healthy), Jason Kasdorf (Healthy)
Scott Wedgewood (Healthy)
% Time on Ice - Condors
Lines # - Real PCT - Wanted PCT - Time Play
Normal Forward
1 - 34% - 40% - 14:26
2 - 24% - 30% - 10:08
3 - 23% - 20% - 9:31
4 - 19% - 10% - 7:55
Normal Defense
1 - 41% - 40% - 17:25
2 - 38% - 30% - 15:47
3 - 19% - 20% - 7:51
4 - 2% - 10% - 0:57
PP Forward
1 - 55% - 60% - 4:28
2 - 45% - 40% - 3:37
PP Defense
1 - 48% - 60% - 3:54
2 - 52% - 40% - 4:11
PK Forward
1 - 69% - 60% - 6:49
2 - 31% - 40% - 3:06
PK Defense
1 - 54% - 60% - 5:23
2 - 46% - 40% - 4:32
PK3 Forward
1 - 0% - 60%
2 - 0% - 40%
PK3 Defense
1 - 0% - 60%
2 - 0% - 40%
44 Forward
1 - 0% - 60%
2 - 0% - 40%
44 Defense
1 - 0% - 60%
2 - 0% - 40%
Last Minute Offensive - 0:00
Last Minute Defensive - 0:00
Total
Forward - 60:00
Defense - 60:00
|
% Time on Ice - Harfangs
Lines # - Real PCT - Wanted PCT - Time Play
Normal Forward
1 - 36% - 40% - 15:08
2 - 27% - 30% - 11:23
3 - 22% - 20% - 9:16
4 - 15% - 10% - 6:13
Normal Defense
1 - 38% - 40% - 16:06
2 - 32% - 30% - 13:28
3 - 29% - 20% - 12:03
4 - 1% - 10% - 0:23
PP Forward
1 - 54% - 60% - 5:21
2 - 46% - 40% - 4:34
PP Defense
1 - 62% - 60% - 6:08
2 - 38% - 40% - 3:47
PK Forward
1 - 69% - 60% - 5:33
2 - 31% - 40% - 2:32
PK Defense
1 - 57% - 60% - 4:36
2 - 43% - 40% - 3:29
PK3 Forward
1 - 0% - 60%
2 - 0% - 40%
PK3 Defense
1 - 0% - 60%
2 - 0% - 40%
44 Forward
1 - 0% - 60%
2 - 0% - 40%
44 Defense
1 - 0% - 60%
2 - 0% - 40%
Last Minute Offensive - 0:00
Last Minute Defensive - 0:00
Total
Forward - 60:00
Defense - 60:00
|
Play-by-Play
1st period
0:01 of 1st period - Calle Jarnkrok wins face-off versus Tyler Bozak in neutral zone.
0:08 of 1st period - Snap shot by Michael Bournival.
0:08 of 1st period - Stopped by Mark Visentin with a rebound.
0:10 of 1st period - Wrist shot by Tyler Randell.
0:10 of 1st period - Stopped by Mark Visentin without a rebound.
0:11 of 1st period - Tyler Brenner wins face-off versus Frederik Gauthier in Condors zone.
0:14 of 1st period - Slapshot by Tomas Kubalik.
0:14 of 1st period - Stopped by Mark Visentin with a rebound.
0:36 of 1st period - Mark Jankowski is hit by Lucas Wallmarkk.
1:02 of 1st period - Snap shot by Tyler Randell.
1:02 of 1st period - Shot Misses the Net.
1:11 of 1st period - Wrist shot by Tyler Bozak.
1:11 of 1st period - Stopped by Ilya Sorokin with a rebound.
1:13 of 1st period - Slapshot by Brett Lernout.
1:13 of 1st period - Stopped by Ilya Sorokin with a rebound.
1:44 of 1st period - Backhand shot by Tomas Kubalik.
1:44 of 1st period - Deflect By Tyler Brenner.
1:44 of 1st period - Stopped by Mark Visentin with a rebound.
1:46 of 1st period - Slapshot by Reid McNeill.
1:46 of 1st period - Shot Misses the Net.
2:16 of 1st period - Lucas Wallmarkk is hit by Eric Gustafsson.
2:28 of 1st period - Michael Bournival is hit by Zac Leslie and loses puck.
3:12 of 1st period - Wrist shot by Alex Tuch.
3:12 of 1st period - Shot Misses the Net.
3:39 of 1st period - Off-side.
3:40 of 1st period - Mark Jankowski wins face-off versus Lucas Wallmarkk in neutral zone.
4:02 of 1st period - Icing by Brett Lernout.
4:03 of 1st period - Mark Jankowski wins face-off versus Calle Jarnkrok in Condors zone.
4:07 of 1st period - Off-side.
4:08 of 1st period - Calle Jarnkrok wins face-off versus Tyler Bozak in neutral zone.
4:16 of 1st period - Wrist shot by Tyler Randell.
4:16 of 1st period - Stopped by Mark Visentin with a rebound.
4:18 of 1st period - Backhand shot by Rinat Valiev.
4:18 of 1st period - Stopped by Mark Visentin with a rebound.
4:26 of 1st period - Tyler Bozak is hit by Tyler Randell and loses puck.
5:04 of 1st period - Off-side.
5:05 of 1st period - Frederik Gauthier wins face-off versus Tyler Brenner in neutral zone.
5:08 of 1st period - Dylan Olsen is hit by Marc-André Bourdon and loses puck.
6:25 of 1st period - Minor Penalty to Ivan Provorov for Holding Stick.
6:26 of 1st period - Tyler Bozak wins face-off versus Michael Bournival in Harfangs zone.
8:25 of 1st period - Penalty to Ivan Provorov is over, Ivan Provorov is back on ice.
10:00 of 1st period - Minor Penalty to Erik Nystrom for Tripping.
10:01 of 1st period - Tyler Bozak wins face-off versus Tyler Randell in Harfangs zone.
10:19 of 1st period - Anton Slepyshev is hit by Michael Bournival and loses puck.
10:42 of 1st period - Slapshot by Frederik Gauthier.
10:42 of 1st period - Stopped by Ilya Sorokin with a rebound.
10:44 of 1st period - Slapshot by Eric Gustafsson.
10:44 of 1st period - Stopped by Ilya Sorokin without a rebound.
10:45 of 1st period - Frederik Gauthier wins face-off versus Tyler Randell in Harfangs zone.
10:52 of 1st period - Slapshot by Nail Yakupov.
10:52 of 1st period - Stopped by Ilya Sorokin with a rebound.
11:08 of 1st period - Ivan Provorov is hit by Alex Tuch and loses puck.
12:00 of 1st period - Penalty to Erik Nystrom is over, Erik Nystrom is back on ice.
12:03 of 1st period - Snap shot by Mark Jankowski.
12:03 of 1st period - Stopped by Ilya Sorokin with a rebound.
12:05 of 1st period - Backhand shot by Carl Gunnarsson.
12:05 of 1st period - Stopped by Ilya Sorokin with a rebound.
12:07 of 1st period - Slapshot by Eric Gustafsson.
12:07 of 1st period - Shot Blocked by Dylan Olsen.
12:09 of 1st period - Slapshot by Carl Gunnarsson.
12:09 of 1st period - Shot Misses the Net.
12:11 of 1st period - Snap shot by Mark Jankowski.
12:11 of 1st period - Shot Blocked by Dylan Olsen.
12:13 of 1st period - Slapshot by Mark Jankowski.
12:13 of 1st period - Stopped by Ilya Sorokin with a rebound.
12:15 of 1st period - Slapshot by Erik Cernak.
12:15 of 1st period - Shot Misses the Net.
12:27 of 1st period - Mikko Lehtonen is hit by Lucas Wallmarkk.
13:18 of 1st period - Wrist shot by Daniel Zaar.
13:18 of 1st period - Stopped by Ilya Sorokin without a rebound.
13:19 of 1st period - Calle Jarnkrok wins face-off versus Frederik Gauthier in Harfangs zone.
14:22 of 1st period - A.J. Greer is hit by Carl Gunnarsson and loses puck.
14:39 of 1st period - Louis Leblanc is hit by Erik Nystrom and loses puck.
15:01 of 1st period - Snap shot by Calle Jarnkrok.
15:01 of 1st period - Shot Misses the Net.
15:03 of 1st period - Wrist shot by Calle Jarnkrok.
15:03 of 1st period - Deflect By Tyler Randell.
15:03 of 1st period - Deflect By Anton Slepyshev.
15:03 of 1st period - Stopped by Mark Visentin without a rebound.
15:04 of 1st period - Tomas Kubalik wins face-off versus Tyler Bozak in Condors zone.
15:22 of 1st period - Minor Penalty to Zac Leslie for Holding.
15:23 of 1st period - Tyler Bozak wins face-off versus Calle Jarnkrok in Condors zone.
15:49 of 1st period - Eric Gustafsson is hit by Dylan Olsen.
17:22 of 1st period - Penalty to Zac Leslie is over, Zac Leslie is back on ice.
17:36 of 1st period - Reid McNeill is hit by Zac Leslie and loses puck.
18:16 of 1st period - Snap shot by Sven Andrighetto.
18:16 of 1st period - Stopped by Mark Visentin without a rebound.
18:17 of 1st period - Tyler Bozak wins face-off versus David Kampf in Condors zone.
18:28 of 1st period - Snap shot by Sven Andrighetto.
18:28 of 1st period - Stopped by Mark Visentin with a rebound.
18:30 of 1st period - Slapshot by Jake Dotchin.
18:30 of 1st period - Stopped by Mark Visentin without a rebound.
18:31 of 1st period - Tyler Bozak wins face-off versus Calle Jarnkrok in Condors zone.
18:31 of 1st period - Tyler Bozak is hit by Jake Dotchin.
18:40 of 1st period - Minor Penalty to Ivan Provorov for Interference.
18:41 of 1st period - Tyler Bozak wins face-off versus Tyler Randell in Harfangs zone.
18:47 of 1st period - Wrist shot by Anton Slepyshev.
18:47 of 1st period - Stopped by Ilya Sorokin with a rebound.
18:49 of 1st period - Snap shot by Anton Slepyshev.
18:49 of 1st period - Goal by Anton Slepyshev - Condors : 1 - Harfangs : 0.
18:50 of 1st period - Calle Jarnkrok wins face-off versus Tyler Bozak in neutral zone.
19:47 of 1st period - Wrist shot by Anton Slepyshev.
19:47 of 1st period - Stopped by Ilya Sorokin without a rebound.
19:48 of 1st period - Lucas Wallmarkk wins face-off versus Tyler Bozak in Harfangs zone.
19:55 of 1st period - Snap shot by Morgan Klimchuk.
19:55 of 1st period - Goal by Morgan Klimchuk - Condors : 1 - Harfangs : 1.
19:56 of 1st period - Nail Yakupov wins face-off versus Calle Jarnkrok in neutral zone.
Goals for this period are 1 for Condors vs 1 for Harfangs.
Shots for this period are 12 for Condors vs 11 for Harfangs.
2nd period
0:01 of 2nd period - Calle Jarnkrok wins face-off versus Andrew Mangiapane in neutral zone.
0:03 of 2nd period - Off-side.
0:04 of 2nd period - Calle Jarnkrok wins face-off versus Tyler Bozak in neutral zone.
0:19 of 2nd period - Wrist shot by Michael Bournival.
0:19 of 2nd period - Stopped by Mark Visentin with a rebound.
0:33 of 2nd period - Wrist shot by Tomas Kubalik.
0:33 of 2nd period - Shot Misses the Net.
0:35 of 2nd period - Snap shot by Tomas Kubalik.
0:35 of 2nd period - Stopped by Mark Visentin with a rebound.
0:37 of 2nd period - Wrist shot by Erik Nystrom.
0:37 of 2nd period - Stopped by Mark Visentin without a rebound.
0:38 of 2nd period - Calle Jarnkrok wins face-off versus Frederik Gauthier in Condors zone.
0:46 of 2nd period - Wrist shot by Tyler Randell.
0:46 of 2nd period - Stopped by Mark Visentin with a rebound.
0:48 of 2nd period - Slapshot by Ivan Provorov.
0:48 of 2nd period - Stopped by Mark Visentin without a rebound.
0:49 of 2nd period - Michael Bournival wins face-off versus Tyler Bozak in Condors zone.
1:14 of 2nd period - Anton Slepyshev is hit by Reid McNeill and loses puck.
2:41 of 2nd period - Snap shot by Ryan Hartman.
2:41 of 2nd period - Goal by Ryan Hartman - Condors : 1 - Harfangs : 2.
2:42 of 2nd period - Frederik Gauthier wins face-off versus Calle Jarnkrok in neutral zone.
2:55 of 2nd period - Snap shot by Frederik Gauthier.
2:55 of 2nd period - Shot Misses the Net.
2:57 of 2nd period - Wrist shot by Frederik Gauthier.
2:57 of 2nd period - Shot Misses the Net.
3:16 of 2nd period - Slapshot by Tyler Bozak.
3:16 of 2nd period - Stopped by Ilya Sorokin without a rebound.
3:17 of 2nd period - Erik Nystrom wins face-off versus Frederik Gauthier in Harfangs zone.
3:17 of 2nd period - Erik Nystrom is hit by Erik Cernak.
3:31 of 2nd period - Wrist shot by Tomas Kubalik.
3:31 of 2nd period - Shot Misses the Net.
3:33 of 2nd period - Wrist shot by Tomas Kubalik.
3:33 of 2nd period - Goal by Tomas Kubalik - Condors : 1 - Harfangs : 3.
3:34 of 2nd period - Tyler Bozak wins face-off versus Calle Jarnkrok in neutral zone.
3:46 of 2nd period - Minor Penalty to Andrew Mangiapane for Hooking.
3:47 of 2nd period - Tyler Bozak wins face-off versus Calle Jarnkrok in Condors zone.
3:59 of 2nd period - Snap shot by Tyler Randell.
3:59 of 2nd period - Shot Misses the Net.
4:01 of 2nd period - Wrist shot by Calle Jarnkrok.
4:01 of 2nd period - Stopped by Mark Visentin without a rebound.
4:02 of 2nd period - Tyler Bozak wins face-off versus Michael Bournival in Condors zone.
5:07 of 2nd period - Slapshot by Zac Leslie.
5:07 of 2nd period - Shot Misses the Net.
5:45 of 2nd period - Reid McNeill is hit by Eric Gustafsson.
5:46 of 2nd period - Penalty to Andrew Mangiapane is over, Andrew Mangiapane is back on ice.
6:05 of 2nd period - Snap shot by C.J Suess.
6:05 of 2nd period - Stopped by Ilya Sorokin without a rebound.
6:06 of 2nd period - Frederik Gauthier wins face-off versus David Kampf in Harfangs zone.
6:08 of 2nd period - Minor Penalty to A.J. Greer for Tripping.
6:09 of 2nd period - Tyler Randell wins face-off versus Tyler Bozak in Harfangs zone.
7:15 of 2nd period - Tomas Kubalik is hit by Frederik Gauthier and loses puck.
7:50 of 2nd period - Carl Gunnarsson is hit by Dylan Olsen and loses puck.
8:08 of 2nd period - Penalty to A.J. Greer is over, A.J. Greer is back on ice.
8:11 of 2nd period - Morgan Klimchuk is hit by Daniel Zaar and loses puck.
8:30 of 2nd period - Snap shot by Tyler Brenner.
8:30 of 2nd period - Shot Misses the Net.
8:42 of 2nd period - Morgan Klimchuk is hit by Louis Leblanc and loses puck.
9:36 of 2nd period - Icing by Mikko Lehtonen.
9:37 of 2nd period - Lucas Wallmarkk wins face-off versus Tyler Bozak in Condors zone.
9:38 of 2nd period - Snap shot by Ryan Hartman.
9:38 of 2nd period - Shot Misses the Net.
9:40 of 2nd period - Slapshot by Ivan Provorov.
9:40 of 2nd period - Stopped by Mark Visentin with a rebound.
9:42 of 2nd period - Slapshot by Ivan Provorov.
9:42 of 2nd period - Stopped by Mark Visentin with a rebound.
9:44 of 2nd period - Slapshot by Morgan Klimchuk.
9:44 of 2nd period - Stopped by Mark Visentin without a rebound.
9:45 of 2nd period - Tyler Bozak wins face-off versus Calle Jarnkrok in Condors zone.
9:52 of 2nd period - Wrist shot by Eric Gustafsson.
9:52 of 2nd period - Stopped by Ilya Sorokin without a rebound.
9:53 of 2nd period - Tyler Bozak wins face-off versus Michael Bournival in Harfangs zone.
10:06 of 2nd period - Slapshot by Tyler Bozak.
10:06 of 2nd period - Shot Blocked by Michael Bournival.
10:08 of 2nd period - Wrist shot by Nail Yakupov.
10:08 of 2nd period - Stopped by Ilya Sorokin with a rebound.
10:30 of 2nd period - Snap shot by Mark Jankowski.
10:30 of 2nd period - Shot Misses the Net.
10:44 of 2nd period - Wrist shot by Anton Slepyshev.
10:44 of 2nd period - Deflect By Ivan Provorov.
10:44 of 2nd period - Shot Misses the Net.
10:44 of 2nd period - Puck is out of play.
10:45 of 2nd period - Tyler Bozak wins face-off versus Tyler Brenner in Harfangs zone.
10:48 of 2nd period - Snap shot by Nail Yakupov.
10:48 of 2nd period - Shot Misses the Net.
11:11 of 2nd period - Snap shot by Tomas Kubalik.
11:11 of 2nd period - Stopped by Mark Visentin with a rebound.
11:13 of 2nd period - Wrist shot by Devon Teows.
11:13 of 2nd period - Stopped by Mark Visentin with a rebound.
11:15 of 2nd period - Slapshot by Devon Teows.
11:15 of 2nd period - Shot Blocked by Zac Leslie.
11:17 of 2nd period - Wrist shot by Devon Teows.
11:17 of 2nd period - Shot Blocked by Marc-André Bourdon.
11:17 of 2nd period - Marc-André Bourdon from Condors is injured at 11:17 of 2nd period (Fractured Orbital Bone).
11:18 of 2nd period - Calle Jarnkrok wins face-off versus Tyler Bozak in Condors zone.
11:43 of 2nd period - Carl Gunnarsson is hit by Erik Nystrom and loses puck.
12:08 of 2nd period - Snap shot by Ryan Hartman.
12:08 of 2nd period - Shot Misses the Net.
12:10 of 2nd period - Wrist shot by Lucas Wallmarkk.
12:10 of 2nd period - Goal by Lucas Wallmarkk - Condors : 1 - Harfangs : 4.
12:11 of 2nd period - Calle Jarnkrok wins face-off versus Tyler Bozak in neutral zone.
12:15 of 2nd period - Minor Penalty to Eric Gustafsson for Tripping.
12:16 of 2nd period - Calle Jarnkrok wins face-off versus Tyler Bozak in Condors zone.
13:29 of 2nd period - Wrist shot by Andrew Mangiapane.
13:29 of 2nd period - Stopped by Ilya Sorokin with a rebound.
13:31 of 2nd period - Snap shot by Alex Tuch.
13:31 of 2nd period - Stopped by Ilya Sorokin with a rebound.
13:33 of 2nd period - Slapshot by Brett Lernout.
13:33 of 2nd period - Deflect By Alex Tuch.
13:33 of 2nd period - Stopped by Ilya Sorokin without a rebound.
13:34 of 2nd period - Tyler Bozak wins face-off versus Calle Jarnkrok in Harfangs zone.
14:01 of 2nd period - Dylan Olsen is hit by Carl Gunnarsson and loses puck.
14:15 of 2nd period - Penalty to Eric Gustafsson is over, Eric Gustafsson is back on ice.
14:32 of 2nd period - Slapshot by David Kampf.
14:32 of 2nd period - Shot Blocked by Carl Gunnarsson.
14:34 of 2nd period - Backhand shot by Rinat Valiev.
14:34 of 2nd period - Shot Blocked by Mikko Lehtonen.
14:36 of 2nd period - Slapshot by A.J. Greer.
14:36 of 2nd period - Stopped by Mark Visentin with a rebound.
14:38 of 2nd period - Slapshot by Rinat Valiev.
14:38 of 2nd period - Stopped by Mark Visentin with a rebound.
15:31 of 2nd period - Wrist shot by Ryan Hartman.
15:31 of 2nd period - Shot Misses the Net.
15:33 of 2nd period - Slapshot by Morgan Klimchuk.
15:33 of 2nd period - Goal by Morgan Klimchuk - Condors : 1 - Harfangs : 5.
15:34 of 2nd period - Tyler Bozak wins face-off versus Tyler Randell in neutral zone.
17:01 of 2nd period - Minor Penalty to Devon Teows for Tripping.
17:02 of 2nd period - Tyler Randell wins face-off versus Tyler Bozak in Harfangs zone.
17:16 of 2nd period - Snap shot by Michael Bournival.
17:16 of 2nd period - Deflect By Tyler Randell.
17:16 of 2nd period - Stopped by Mark Visentin with a rebound.
17:18 of 2nd period - Slapshot by Dylan Olsen.
17:18 of 2nd period - Shot Misses the Net.
17:28 of 2nd period - Michael Bournival is hit by Nail Yakupov and loses puck.
19:01 of 2nd period - Penalty to Devon Teows is over, Devon Teows is back on ice.
19:11 of 2nd period - Lucas Wallmarkk is hit by Daniel Zaar and loses puck.
Goals for this period are 0 for Condors vs 4 for Harfangs.
Shots for this period are 7 for Condors vs 18 for Harfangs.
3rd period
0:01 of 3rd period - Tyler Bozak wins face-off versus Calle Jarnkrok in neutral zone.
0:14 of 3rd period - Snap shot by Michael Bournival.
0:14 of 3rd period - Shot Misses the Net.
0:20 of 3rd period - Michael Bournival is hit by Nail Yakupov and loses puck.
0:32 of 3rd period - Reid McNeill is hit by Eric Gustafsson and loses puck.
1:10 of 3rd period - Off-side.
1:11 of 3rd period - David Kampf wins face-off versus Louis Leblanc in neutral zone.
1:16 of 3rd period - Wrist shot by David Kampf.
1:16 of 3rd period - Deflect By Sven Andrighetto.
1:16 of 3rd period - Goal by Sven Andrighetto - Condors : 1 - Harfangs : 6.
1:17 of 3rd period - Tyler Bozak wins face-off versus Calle Jarnkrok in neutral zone.
1:32 of 3rd period - Slapshot by Tyler Bozak.
1:32 of 3rd period - Stopped by Ilya Sorokin with a rebound.
2:41 of 3rd period - Off-side.
2:42 of 3rd period - Louis Leblanc wins face-off versus Tyler Brenner in neutral zone.
3:09 of 3rd period - Jake Dotchin is hit by Zac Leslie and loses puck.
3:33 of 3rd period - Snap shot by Anton Slepyshev.
3:33 of 3rd period - Deflect By Rinat Valiev.
3:33 of 3rd period - Shot Blocked by Rinat Valiev.
3:33 of 3rd period - Puck is out of play.
3:34 of 3rd period - Andrew Mangiapane wins face-off versus Tyler Brenner in Harfangs zone.
3:34 of 3rd period - Tomas Kubalik and Nail Yakupov fight to a draw.
3:34 of 3rd period - Penalty to Tomas Kubalik for Fighting.
3:34 of 3rd period - Penalty to Nail Yakupov for Fighting.
3:35 of 3rd period - Calle Jarnkrok wins face-off versus Tyler Bozak in Harfangs zone.
3:51 of 3rd period - Slapshot by Eric Gustafsson.
3:51 of 3rd period - Goal by Eric Gustafsson - Condors : 2 - Harfangs : 6.
3:52 of 3rd period - Tyler Bozak wins face-off versus Calle Jarnkrok in neutral zone.
4:46 of 3rd period - Mark Jankowski is hit by Lucas Wallmarkk and loses puck.
5:50 of 3rd period - Reid McNeill is hit by Zac Leslie and loses puck.
5:59 of 3rd period - Wrist shot by Tyler Randell.
5:59 of 3rd period - Shot Misses the Net.
6:42 of 3rd period - Sven Andrighetto is hit by Daniel Zaar and loses puck.
6:57 of 3rd period - Calle Jarnkrok is hit by Mikko Lehtonen.
7:40 of 3rd period - Brett Lernout is hit by Morgan Klimchuk and loses puck.
7:47 of 3rd period - Wrist shot by Ryan Hartman.
7:47 of 3rd period - Shot Blocked by Brett Lernout.
7:59 of 3rd period - A.J. Greer is hit by Brett Lernout and loses puck.
8:03 of 3rd period - Icing by Jake Dotchin.
8:04 of 3rd period - Louis Leblanc wins face-off versus David Kampf in Harfangs zone.
8:09 of 3rd period - Snap shot by Louis Leblanc.
8:09 of 3rd period - Stopped by Ilya Sorokin without a rebound.
8:10 of 3rd period - Tyler Bozak wins face-off versus Calle Jarnkrok in Harfangs zone.
8:59 of 3rd period - Rinat Valiev is hit by Mark Jankowski and loses puck.
9:33 of 3rd period - Calle Jarnkrok is hit by Erik Cernak and loses puck.
10:17 of 3rd period - Minor Penalty to Erik Cernak for Holding.
10:18 of 3rd period - Tyler Brenner wins face-off versus Tyler Bozak in Condors zone.
11:00 of 3rd period - Zac Leslie is hit by Calle Jarnkrok and loses puck.
12:17 of 3rd period - Penalty to Erik Cernak is over, Erik Cernak is back on ice.
13:29 of 3rd period - Minor Penalty to Daniel Zaar for High sticking.
13:30 of 3rd period - Tyler Bozak wins face-off versus Calle Jarnkrok in Condors zone.
13:45 of 3rd period - Slapshot by Tyler Bozak.
13:45 of 3rd period - Shot Misses the Net.
14:03 of 3rd period - Mark Jankowski is hit by Erik Nystrom and loses puck.
15:09 of 3rd period - Mark Jankowski is hit by Tomas Kubalik and loses puck.
15:29 of 3rd period - Penalty to Daniel Zaar is over, Daniel Zaar is back on ice.
15:55 of 3rd period - Snap shot by David Kampf.
15:55 of 3rd period - Shot Blocked by Frederik Gauthier.
15:57 of 3rd period - Slapshot by Rinat Valiev.
15:57 of 3rd period - Stopped by Mark Visentin without a rebound.
15:58 of 3rd period - Frederik Gauthier wins face-off versus A.J. Greer in Condors zone.
16:33 of 3rd period - Daniel Zaar is hit by Ryan Hartman and loses puck.
16:46 of 3rd period - Calle Jarnkrok is hit by Nail Yakupov and loses puck.
17:09 of 3rd period - Wrist shot by Frederik Gauthier.
17:09 of 3rd period - Shot Misses the Net.
17:11 of 3rd period - Slapshot by Anton Slepyshev.
17:11 of 3rd period - Stopped by Ilya Sorokin with a rebound.
17:13 of 3rd period - Snap shot by Zac Leslie.
17:13 of 3rd period - Shot Misses the Net.
17:15 of 3rd period - Snap shot by Anton Slepyshev.
17:15 of 3rd period - Shot Misses the Net.
17:25 of 3rd period - Eric Gustafsson is hit by Ivan Provorov and loses puck.
17:34 of 3rd period - Reid McNeill is hit by Louis Leblanc and loses puck.
18:05 of 3rd period - Slapshot by Tyler Randell.
18:05 of 3rd period - Shot Blocked by Andrew Mangiapane.
18:30 of 3rd period - Backhand shot by Tomas Kubalik.
18:30 of 3rd period - Stopped by Mark Visentin with a rebound.
18:32 of 3rd period - Slapshot by Jake Dotchin.
18:32 of 3rd period - Stopped by Mark Visentin without a rebound.
18:33 of 3rd period - Frederik Gauthier wins face-off versus Erik Nystrom in Condors zone.
18:44 of 3rd period - Slapshot by Frederik Gauthier.
18:44 of 3rd period - Stopped by Ilya Sorokin without a rebound.
18:45 of 3rd period - Calle Jarnkrok wins face-off versus Tyler Bozak in Harfangs zone.
18:59 of 3rd period - Reid McNeill and Brett Lernout fight to a draw.
18:59 of 3rd period - Penalty to Reid McNeill for Fighting.
18:59 of 3rd period - Penalty to Brett Lernout for Fighting.
19:00 of 3rd period - Tyler Bozak wins face-off versus Calle Jarnkrok in Harfangs zone.
19:03 of 3rd period - Backhand shot by Nail Yakupov.
19:03 of 3rd period - Stopped by Ilya Sorokin without a rebound.
19:04 of 3rd period - Calle Jarnkrok wins face-off versus Tyler Bozak in Harfangs zone.
19:09 of 3rd period - Wrist shot by Tyler Randell.
19:09 of 3rd period - Shot Blocked by Andrew Mangiapane.
19:39 of 3rd period - Wrist shot by Tomas Kubalik.
19:39 of 3rd period - Stopped by Mark Visentin without a rebound.
19:40 of 3rd period - Tyler Brenner wins face-off versus Tyler Bozak in Condors zone.
Goals for this period are 1 for Condors vs 1 for Harfangs.
Shots for this period are 6 for Condors vs 5 for Harfangs.